 Dungeon Crawl Stone Soup version 0.25.1-2-g60ff931df9 (webtiles) character file.

Game seed: 1320291362761921002

742 Allula97 the Digger (level 7, 0/62 HPs)
             Began as a Deep Dwarf Earth Elementalist on Nov 16, 2020.
             Was a Follower of Makhleb.
             Slain by a worker ant (6 damage)
             ... on level 4 of the Dungeon.
             The game lasted 00:23:36 (3886 turns).

Allula97 the Digger (Deep Dwarf Earth Elementalist) Turns: 3886, Time: 00:23:37

Health: 0/62       AC:  6    Str: 11    XL:     7   Next: 47%
Magic:  4/11       EV: 13    Int: 24    God:    Makhleb [*.....]
Gold:   206        SH:  4    Dex: 13    Spells: 6/12 levels left

rFire    . . .     SeeInvis .   t - +0 dagger (drain)
rCold    . . .     Gourm    .   e - +0 buckler
rNeg     + . .     Faith    .   y - +2 robe {rN+}
rPois    .         Spirit   .   u - +0 helmet
rElec    .         Reflect  .   (no cloak)
rCorr    .         Harm     .   (no gloves)
MR       ++...                  o - +0 pair of boots
Stlth    +++.......             (no amulet)
HPRegen  0.00/turn              E - ring of protection from magic
MPRegen  0.12/turn              D - +6 ring of intelligence

@: non-regenerating
A: damage resistance, heal wounds, sense surroundings 1, no regeneration
a: Heal Wounds, Renounce Religion


You were on level 4 of the Dungeon.
You worshipped Makhleb.
Makhleb was aware of your devotion.
You were hungry.

You visited 1 branch of the dungeon, and saw 5 of its levels.

You collected 206 gold pieces.

Inventory:

Hand Weapons
 b - a +0 mace
 t - a +0 dagger of draining (weapon)
 v - a +2 dagger of flaming
Missiles
 g - 92 stones (quivered)
 A - a throwing net
Armour
 e - a +0 buckler (worn)
 f - a +0 ring mail
 o - a +0 pair of boots (worn)
 u - a +0 helmet (worn)
 y - a +2 robe of positive energy (worn)
 F - a +0 tower shield
Jewellery
 D - a +6 ring of intelligence (right hand)
 E - a ring of protection from magic (left hand)
Wands
 s - a wand of clouds (4)
 w - a wand of random effects (5)
Scrolls
 a - a scroll of fog
 k - 5 scrolls of teleportation
 l - 2 scrolls of identify {unknown}
 n - 2 scrolls of magic mapping
 p - 3 scrolls of fear {unknown}
 x - 3 scrolls of immolation {unknown}
 B - a scroll of enchant armour
Potions
 c - a potion of curing
 h - a potion of heal wounds
 i - a potion of might {unknown}
 j - a potion of flight {unknown}
 m - a potion of mutation {unknown}
 q - 2 potions of stabbing {unknown}
 r - a potion of resistance {unknown}
 z - 3 potions of brilliance {unknown}
 C - a potion of invisibility {unknown}
Comestibles
 d - 6 rations


   Skills:
 * Level 3.2 Fighting
 + Level 2.5 Armour
 + Level 3.5 Dodging
 + Level 4.0 Stealth
 + Level 2.5 Shields
 * Level 3.4 Spellcasting
 - Level 0.8 Transmutations
 * Level 6.2 Earth Magic


You had 6 spell levels left.
You knew the following spells:

 Your Spells              Type           Power        Failure   Level  Hunger
a - Sandblast             Erth           ####..       1%          1    None
b - Passwall              Tmut/Erth      ###.....     4%          2    #......
c - Stone Arrow           Conj/Erth      ###...       11%         3    ###....

Your spell library contained the following spells:

 Spells                   Type           Power        Failure   Level  Hunger
 Lee's Rapid Deconstruct  Erth           ####......   26%         5    ######.
 Petrify                  Tmut/Erth      ###.....     28%         4    ####...


Dungeon Overview and Level Annotations

Branches:
Dungeon (5/15)
 Temple: D:4-7

Altars:
Ashenzari
Cheibriados
Makhleb
Sif Muna
Trog
Uskayaw
Wu Jian
Zin
The Shining One


Innate Abilities, Weirdness & Mutations

You are resistant to damage.
You can heal yourself by infusing magical energy.
You passively map a small area around you.
You do not regenerate.


Message History

The worker ant bites you but does no damage.
Casting: Stone Arrow (dangerous; 11% risk of failure)
Confirm with . or Enter, or press ? or * to list all spells.
Okay, then.
You closely miss the worker ant.
The worker ant is severely wounded.
The worker ant closely misses you. The worker ant misses you.
The worker ant closely misses you.
You hit the worker ant but do no damage.
The worker ant is severely wounded.
The worker ant bites you.
* * * LOW HITPOINT WARNING * * *
You closely miss the worker ant.
The worker ant is severely wounded.
You block the worker ant's attack.
You closely miss the worker ant.
The worker ant is severely wounded.
The worker ant bites you!
You die...

#≈.≈#...####.>........##
#≈.≈.............####..#
#####≈.≈.#...........# ##..
### ##...............######
### #...#.......###......#
............####.##.##
............##...##.# * *
...............####.#######
....?.........Oa@.._.......
............#######.#.#####
* #...#.......# #...#
########....# ##### #....#
######


You could see an ogre and a worker ant.

Vanquished Creatures
  Sigmund (D:2)
  A centaur (D:5)
  A scorpion (D:5)
  A crimson imp (D:5)
  A hound (D:2)
  3 orc wizards
  A bullfrog skeleton (D:4)
  4 worker ants (D:4)
  A killer bee zombie (D:5)
  Robin (D:2)
  3 adders
  An ooze (D:1)
  2 worms
  2 dart slugs (D:1)
  2 leopard geckos
  8 orcs
  9 bats
  5 giant cockroaches
  14 goblins
  10 hobgoblins
  10 jackals
  2 quokkas
  A ball python (D:1)
  10 frilled lizards
  A jackal skeleton (D:5)
  5 kobolds
  4 rats
104 creatures vanquished.

Notes
Turn   | Place    | Note
-------+----------+-------------------------------------------
     0 | D:1      | Allula97 the Deep Dwarf Earth Elementalist began the quest
                  | for the Orb.
     0 | D:1      | Reached XP level 1. HP: 15/15 MP: 3/3
   283 | D:1      | Reached XP level 2. HP: 17/24 MP: 0/4
   306 | D:1      | Learned a level 2 spell: Passwall
   518 | D:1      | Reached XP level 3. HP: 12/30 MP: 3/6
   564 | D:1      | Learned a level 3 spell: Stone Arrow
   961 | D:1      | Reached skill level 1 in Fighting
  1051 | D:2      | Found a glowing golden altar of the Shining One.
  1059 | D:2      | Reached skill level 1 in Shields
  1176 | D:2      | Reached skill level 1 in Armour
  1226 | D:2      | Noticed Robin
  1260 | D:2      | Killed Robin
  1260 | D:2      | Reached XP level 4. HP: 28/38 MP: 0/6
  1377 | D:2      | Found a bloodstained altar of Trog.
  1445 | D:2      | Found a shimmering blue altar of Sif Muna.
  1825 | D:2      | Found a burning altar of Makhleb.
  1841 | D:2      | Became a worshipper of Makhleb the Destroyer
  1866 | D:2      | Found an ornate altar of the Wu Jian Council.
  1880 | D:2      | Noticed Sigmund
  1890 | D:2      | Killed Sigmund
  1890 | D:2      | Reached skill level 5 in Earth Magic
  1890 | D:2      | Reached XP level 5. HP: 27/45 MP: 3/8
  1890 | D:2      | Reached XP level 6. HP: 31/52 MP: 3/9
  2188 | D:3      | Found a snail-covered altar of Cheibriados.
  3394 | D:4      | Reached XP level 7. HP: 20/61 MP: 4/10
  3413 | D:4      | You fall into a shaft and drop 1 floor!
  3413 | D:5      | Entered Level 5 of the Dungeon
  3445 | D:5      | Reached * piety under Makhleb
  3499 | D:5      | Reached skill level 6 in Earth Magic
  3507 | D:5      | Noticed a +0 dagger
  3507 | D:5      | Noticed a +0 dagger
  3508 | D:5      | Found a hide-covered altar of Uskayaw.
  3581 | D:5      | Found a glowing silver altar of Zin.
  3826 | D:4      | Found a shattered altar of Ashenzari.
  3886 | D:4      | Slain by a worker ant

Illustrated notes

Levels and vault maps discovered:
D:1:      onia_arrival_mini_maze_b, layout_basic, minmay_pentomino_q4
D:2:      layout_basic, lemuel_blue_sif_altar, lemuel_doored_altar, bloody_trog,
          makhleb_blood_cavern_becter, overflow_temple_1_default,
          kennysheep_generic_room_10, uniq_robin, uniq_sigmund
D:3:      layout_basic, lemuel_round_altar, bh_walls_and_bars
D:4:      layout_rooms, lemuel_crystal_altar, serial_rivers,
          chequers_serial_rivers_micro_a, chequers_serial_rivers_micro_d,
          chequers_serial_rivers_large_a, chequers_serial_rivers_large_b,
          chequers_serial_rivers_micro_d, first_ration, minmay_misc_feat_plants,
          minmay_misc_feat_secret_circle
D:5:      layout_basic, zin_academy, dancing_weapons_uskayaw,
          mrwooster_statue_mirror, kennysheep_generic_room_7,
          uniq_crazy_yiuf_cottage

Skill      XL: |  1  2  3  4  5  6  7 |
---------------+----------------------+-----
Spellcasting   | 2 3 |  3.4
Fighting       | 1 2 3 |  3.2
Shields        | 1 2 |  2.5
Armour         | 1 2 |  2.5
Stealth        | 3 4 |  4.0
Dodging        | 3 |  3.5
Earth Magic    | 5 6 |  6.2
Transmutations | |  0.8

Action                   |  1- 3 |  4- 6 |  7- 9 || total
-------------------------+-------+-------+-------++-------
Melee: Spear             |    37 |       |       ||    37
       Dagger            |    21 |    74 |    12 ||   107
       Mace              |     3 |       |       ||     3
Throw: Stone             |       |     1 |       ||     1
 Cast: Sandblast         |    52 |    57 |    20 ||   129
       Stone Arrow       |       |       |     5 ||     5
 Abil: Heal Wounds       |     1 |       |       ||     1
  Use: Scroll            |       |     6 |       ||     6
       Potion            |       |     1 |       ||     1
 Stab: Sleeping          |       |     4 |     1 ||     5
  Eat: Chunk             |     2 |     7 |     1 ||    10
Armor: Robe              |    17 |    13 |     4 ||    34
Dodge: Dodged            |    43 |    46 |     9 ||    98
Block: Buckler           |    10 |    14 |     4 ||    28
